 Dungeon Crawl Stone Soup version 0.23.2-1-ga50397a (webtiles) character file.

Game seed: 1981668163459178861

4090 schauveau the Markscentaur (level 10, -5/71 HPs)
             Began as a Centaur Arcane Marksman on May 1, 2019.
             Slain by a troll (8 damage)
             ... on level 9 of the Dungeon.
             The game lasted 00:16:40 (10825 turns).

schauveau the Markscentaur (CeAM)                  Turns: 10825, Time: 00:16:41

Health: -5/71      AC: 12    Str: 13    XL:     10   Next: 5%
Magic:  11/11      EV:  8    Int: 12    God:
Gold:   130        SH:  0    Dex: 13    Spells: 10/11 levels left

rFire    + . .     SeeInvis .   a - +0 shortbow
rCold    + . .     Gourm    .   (shield currently unavailable)
rNeg     . . .     Faith    .   e - +0 robe
rPois    .         Spirit   .   E - +0 helmet
rElec    .         Reflect  .   c - scarf {rC+ rF+}
rCorr    .         Harm     .   (no gloves)
MR       .....                  F - +3 centaur barding
Stlth    ++........             H - amulet of magic regeneration
HPRegen  0.21/turn              l - ring of stealth
MPRegen  0.37/turn              K - ring of flight

@: very quick
A: large, hooves 3, deformed body, speed 2, tough skin 3
a: Evoke Flight


You were on level 9 of the Dungeon.
You were not hungry.

You visited 2 branches of the dungeon, and saw 10 of its levels.

You collected 274 gold pieces.
You spent 144 gold pieces at shops.

Inventory:

Hand Weapons
 a - a +0 shortbow (weapon)
 b - a +1 trident of venom
 x - a +0 dagger of venom
 J - the cursed +1 falchion of the Ghost {freeze, rElec rC+ Str+4, unknown}
   (You found it on level 7 of the Dungeon)

   It has been specially enchanted to freeze those struck by it, causing extra
   injury to most foes and up to half again as much damage against particularly
   susceptible opponents.
   It can also slow down cold-blooded creatures.
   It affects your strength (+4).
   It protects you from cold.
   It insulates you from electricity.
   It has a curse placed upon it.
Missiles
 d - 8 arrows (quivered)
 r - 42 poisoned needles
Armour
 c - a scarf of resistance (worn)
 e - a +0 robe (worn)
 E - a +0 helmet (worn)
 F - a +3 centaur barding (worn)
Magical Staves
 o - an uncursed staff of cold
Jewellery
 j - an uncursed ring of fire
 l - a ring of stealth (left hand)
 t - an uncursed amulet of faith
 H - an amulet of magic regeneration (around neck)
 K - a ring of flight (right hand)
 Q - an uncursed ring of stealth
Wands
 D - a wand of iceblast (8)
 G - a wand of paralysis (10)
 L - a wand of polymorph (10)
 N - a wand of random effects (19)
Scrolls
 g - 3 scrolls of enchant armour
 i - a scroll of fear
 n - a scroll of immolation {unknown}
 p - 2 scrolls of remove curse
 q - a scroll of blinking
 s - 3 scrolls of teleportation
 u - a scroll of random uselessness
 w - 3 scrolls of fog
 y - a scroll of noise
 A - 2 scrolls of magic mapping {unknown}
 O - a scroll of amnesia {unknown}
Potions
 h - 2 potions of brilliance
 k - 5 potions of curing
 m - 4 potions of haste {unknown}
 v - a potion of mutation {unknown}
 z - 2 potions of flight
 B - a potion of ambrosia {unknown}
 C - a potion of lignification {unknown}
 I - a potion of degeneration {unknown}
 M - a potion of magic {unknown}
Comestibles
 f - 10 rations


   Skills:
 - Level 1.0 Fighting
 + Level 0.3 Staves
 * Level 17.5 Bows
 - Level 1.3 Dodging
 - Level 1.0 Spellcasting
 - Level 2.6 Hexes


You had 10 spell levels left.
You knew the following spells:

 Your Spells              Type           Power        Failure   Level  Hunger
a - Corona                Hex            #......      10%         1    ##.....

Your spell library contained the following spells:

 Spells                   Type           Power        Failure   Level  Hunger
 Slow                     Hex            #.......     16%         2    ###....
 Inner Flame              Hex/Fire       #.......     45%         3    ####...
 Portal Projectile        Hex/Tloc       #.....       45%         3    ####...
 Cause Fear               Hex            #.........   69%         4    #####..
 Leda's Liquefaction      Hex/Erth       #.........   86%         4    #####..


Dungeon Overview and Level Annotations

Branches:
Dungeon (9/15)             Temple (1/1) D:4
   Lair: D:8-11         Orc: D:9-12

Altars:
Ashenzari
Cheibriados
Dithmenos
Elyvilon
Fedhas
Kikubaaqudgha
Makhleb
Qazlal
Ru
Sif Muna
Trog
Uskayaw
Vehumet
Wu Jian
Xom
Yredelemnul
The Shining One

Shops:
D:7 **:


Innate Abilities, Weirdness & Mutations

You have hooves in place of feet.
Armour fits poorly on your strangely shaped body.
You cover ground very quickly.
You have extremely tough skin. (AC +3)


Message History

Press: ? - help, Shift-Dir - straight line, f/p - troll
Aim: a troll (severely wounded)
You shoot an arrow. The arrow hits the troll.
The troll is almost dead.
Firing (i - inventory)
d - 11 arrows (quivered)
Press: ? - help, Shift-Dir - straight line, f/p - troll
Aim: a troll (severely wounded)
You shoot an arrow. The arrow closely misses the troll.
Firing (i - inventory)
d - 10 arrows (quivered)
Press: ? - help, Shift-Dir - straight line, f/p - troll
Aim: a troll (severely wounded)
You shoot an arrow. The arrow barely misses the troll.
The troll bites you.
* * * LOW HITPOINT WARNING * * *
The troll barely misses you. x2
Firing (i - inventory)
d - 9 arrows (quivered)
Press: ? - help, Shift-Dir - straight line, f/p - troll
Aim: a troll (severely wounded)
You shoot an arrow. The arrow completely misses the troll.
The troll bites you!
You die...

#..##
##.(#
###'####
#..(...#
#......#
#..(...+
#..(...#
#......#
#.....@#
#....T.#
#......#
#####+##


You could see a troll.

Vanquished Creatures
  A two-headed ogre (D:8)
  Pikel (D:5)
  Prince Ribbit (D:8)
  A hungry ghost (D:8)
  An ice beast (D:6)
  A sky beast (D:6)
  3 orc warriors
  2 slaves (D:6)
  4 ogres
  2 phantoms (D:4)
  A necrophage (D:7)
  A centaur (D:8)
  A big kobold (D:8)
  Blork the orc (D:5)
  A scorpion (D:6)
  2 crimson imps
  7 hounds
  2 jellies
  2 centaur skeletons
  2 orc priests
  A gnoll shaman (D:7)
  An iguana (D:7)
  Ijyb (D:5)
  10 orc wizards
  10 worker ants
  A hound skeleton (D:7)
  A hound zombie (D:7)
  A worker ant zombie (D:7)
  11 gnolls
  10 adders
  An ooze (D:2)
  An adder zombie (D:6)
  3 adder skeletons
  2 worms (D:4)
  2 dart slugs
  2 leopard geckos
  25 orcs
  5 giant cockroaches
  7 goblins
  4 hobgoblins
  9 jackals
  3 quokkas
  3 ball pythons
  A bat (D:1)
  3 frilled lizards
  10 kobolds
  A quokka skeleton (D:5)
  A rat (D:2)
167 creatures vanquished.

Notes
Turn   | Place    | Note
-------+----------+-------------------------------------------
     0 | D:1      | schauveau the Centaur Arcane Marksman began the quest for
                  | the Orb.
     0 | D:1      | Reached XP level 1. HP: 16/16 MP: 2/2
   103 | D:2      | Reached skill level 3 in Bows
   103 | D:2      | Reached XP level 2. HP: 12/23 MP: 3/3
   502 | D:2      | Reached skill level 4 in Bows
   722 | D:2      | Found a glowing golden altar of the Shining One.
  1262 | D:3      | Reached XP level 3. HP: 26/28 MP: 4/4
  1265 | D:3      | Reached skill level 5 in Bows
  1533 | D:3      | Reached skill level 6 in Bows
  1533 | D:3      | Reached XP level 4. HP: 26/35 MP: 5/5
  1575 | D:3      | Found a faded altar of an unknown god.
  1789 | D:3      | HP: 1/35 [orc wizard/puff of frost (6)]
  2247 | D:4      | Reached skill level 7 in Bows
  2247 | D:4      | Reached XP level 5. HP: 40/40 MP: 6/6
  2288 | D:4      | Noticed a phantom
  2321 | D:4      | Killed a phantom
  2321 | D:4      | Reached skill level 8 in Bows
  2370 | D:4      | Noticed a phantom
  2384 | D:4      | Killed a phantom
  2384 | D:4      | Reached XP level 6. HP: 40/47 MP: 7/7
  2456 | D:4      | Reached skill level 9 in Bows
  3175 | D:4      | Reached skill level 10 in Bows
  3175 | D:4      | Reached XP level 7. HP: 52/52 MP: 8/8
  3599 | D:4      | Found a staircase to the Ecumenical Temple.
  3616 | Temple   | Entered the Ecumenical Temple
  5397 | D:5      | Entered Level 5 of the Dungeon
  5452 | D:5      | Reached skill level 11 in Bows
  5477 | D:5      | Noticed Ijyb
  5501 | D:5      | Noticed Blork the orc
  5504 | D:5      | Killed Ijyb
  5529 | D:5      | Killed Blork the orc
  5914 | D:5      | Reached skill level 12 in Bows
  5914 | D:5      | Reached XP level 8. HP: 58/59 MP: 9/9
  6438 | D:6      | Noticed Pikel
  6506 | D:5      | Killed Pikel
  6506 | D:5      | Reached skill level 14 in Bows
  7204 | D:6      | Reached XP level 9. HP: 64/64 MP: 10/10
  7856 | D:7      | Reached skill level 15 in Bows
  8396 | D:7      | Found Wiupp's General Store.
  8413 | D:7      | Got a shimmering falchion
  8432 | D:7      | Bought a potion of curing for 30 gold pieces
  8547 | D:7      | Found Erohan's Book Boutique.
  8860 | D:7      | Found Cimmubb's Assorted Antiques.
  8873 | D:7      | Bought a scroll of teleportation for 57 gold pieces
  8873 | D:7      | Bought a potion of curing for 57 gold pieces
  9272 | D:8      | Reached skill level 16 in Bows
  9431 | D:8      | Found a stormy altar of Qazlal.
  9431 | D:8      | Found a deep blue altar of Sif Muna.
  9433 | D:8      | Found a sacrificial altar of Ru.
  9437 | D:8      | Found an ancient bone altar of Kikubaaqudgha.
  9437 | D:8      | Found a shattered altar of Ashenzari.
  9438 | D:8      | Found an ornate altar of the Wu Jian Council.
  9525 | D:8      | Found a shattered altar of Ashenzari.
  9607 | D:8      | Noticed a two-headed ogre
  9646 | D:8      | Killed a two-headed ogre
  9646 | D:8      | Reached skill level 17 in Bows
  9671 | D:8      | HP: 1/64 [orc warrior/+0 halberd (25)]
 10217 | D:8      | Found a white marble altar of Elyvilon.
 10219 | D:8      | Noticed Prince Ribbit
 10234 | D:8      | Killed Prince Ribbit
 10234 | D:8      | Reached XP level 10. HP: 32/71 MP: 11/11
 10792 | D:9      | HP: 3/71 [troll (15)]
 10818 | D:9      | HP: 2/71 [troll (5)]
 10825 | D:9      | Slain by a troll

Skill      XL: |  1  2  3  4  5  6  7  8  9 |
---------------+----------------------------+-----
Bows           | 3 4 6 7 8 10 12 14 17 | 17.5
Fighting       | |  1.0
Staves         | |  0.3
Dodging        | |  1.3
Spellcasting   | |  1.0
Hexes          | |  2.6

Action                   |  1- 3 |  4- 6 |  7- 9 | 10-12 || total
-------------------------+-------+-------+-------+-------++-------
Melee: Club              |    11 |       |       |       ||    11
       Kick              |     4 |     3 |     8 |     2 ||    17
       Flail             |     9 |     3 |       |       ||    12
       Dagger            |       |     9 |    16 |       ||    25
       Trident           |       |       |    41 |    16 ||    57
       Shortbow          |       |       |     1 |       ||     1
 Fire: Shortbow          |    71 |   145 |   601 |    18 ||   835
  Use: Potion            |       |     1 |       |       ||     1
       Scroll            |       |     5 |     5 |       ||    10
  Eat: Ration            |     1 |       |     4 |       ||     5
       Chunk             |       |     1 |     5 |     1 ||     7
Armor: Robe              |    17 |    11 |    81 |     7 ||   116
Dodge: Dodged            |    27 |    21 |    70 |    11 ||   129
